 Dungeon Crawl Stone Soup version 0.25.1-2-g60ff931df9 (webtiles) character file.

Game seed: 13539312876074824067

8851 Erymatos the Cleaver (level 11, -8/101 HPs)
             Began as a Minotaur Berserker on Oct 31, 2020.
             Was a High Priest of Trog.
             Impaled on a porcupine's spines (11 damage)
             ... on level 8 of the Dungeon.
             The game lasted 00:17:41 (9404 turns).

Erymatos the Cleaver (Minotaur Berserker)           Turns: 9404, Time: 00:17:42

Health: -8/101     AC: 11    Str: 24    XL:     11   Next: 15%
Magic:  10/10      EV: 17    Int:  4    God:    Trog [*****.]
Gold:   476        SH:  0    Dex: 13    Spells: 10/10 levels left

rFire    . . .     SeeInvis .   D - +2 war axe (flame)
rCold    . . .     Gourm    .   (no shield)
rNeg     . . .     Faith    .   F - +0 acid dragon scales
rPois    +         Spirit   .   (helmet restricted)
rElec    .         Reflect  .   h - +0 cloak
rCorr    +         Harm     .   (no gloves)
MR       .....                  t - +0 pair of boots
Stlth    +.........             (no amulet)
HPRegen  0.00/turn              b - ring of poison resistance
MPRegen  0.12/turn              (no ring)

@: berserk cooldown, slowed, very slow
A: retaliatory headbutt, hooves 1, horns 2, repulsion field 1, agile 1,
inhibited regeneration
a: Berserk, Trog's Hand, Brothers in Arms, Renounce Religion


You were on level 8 of the Dungeon.
You worshipped Trog.
Trog was extremely pleased with you.
You were very hungry.

You visited 1 branch of the dungeon, and saw 8 of its levels.

You collected 476 gold pieces.

Inventory:

Hand Weapons
 a - the cursed +1 lajatang of Blood-Lust {venom, MR+ Int+6, unknown}
   (You found it on level 8 of the Dungeon)

   It poisons the flesh of those it strikes.
   It affects your intelligence (+6).
   It affects your resistance to hostile enchantments.
   It has a curse placed upon it.
 D - a +2 war axe of flaming (weapon)
Armour
 h - a +0 cloak (worn)
 t - a +0 pair of boots (worn)
 F - +0 acid dragon scales (worn)
Jewellery
 b - a ring of poison resistance (left hand)
Wands
 l - a wand of digging (4)
 w - a wand of random effects (12)
 B - a wand of polymorph (21)
 C - a wand of flame (7)
Scrolls
 d - 3 scrolls of blinking
 e - a scroll of enchant weapon
 f - 2 scrolls of enchant armour
 g - 5 scrolls of remove curse
 m - a scroll of identify
 q - 2 scrolls of amnesia
 u - a scroll of fear
 y - a scroll of immolation
Potions
 i - 2 potions of stabbing
 j - a potion of haste {unknown}
 k - a potion of berserk rage
 o - a potion of might
 p - a potion of curing
 r - a potion of resistance {unknown}
 s - 2 potions of lignification
 v - a potion of mutation
 x - a potion of brilliance {unknown}
 z - a potion of cancellation
 A - 2 potions of degeneration {unknown}
 H - 3 potions of heal wounds
Comestibles
 c - 17 rations


   Skills:
 + Level 10.7 Fighting
 + Level 14.3 Axes
 + Level 9.0 Armour
 + Level 6.1 Dodging
 - Level 1.3 Stealth


You had 10 spell levels left.
You didn't know any spells.
Your spell library was empty.

Dungeon Overview and Level Annotations

Branches:
Dungeon (8/15)             Temple (0/1) D:4            Lair (0/6) D:8

Altars:
Dithmenos
Fedhas
Gozag
Hepliaklqana
Ru
Vehumet
Yredelemnul

Annotations:
D:2 1 runed translucent door
D:4 2 transporters, Toogi's ghost, amateur DrTm


Innate Abilities, Weirdness & Mutations

You reflexively headbutt those who attack you in melee.
You have a pair of horns on your head.
You have large cloven feet.
You are surrounded by a mild repulsion field. (EV +2)
You are agile. (Dex +2)
You do not regenerate when monsters are visible.


Message History

A porcupine comes into view.
A porcupine is nearby!
You are too injured to fight recklessly!
You are too injured to fight recklessly!
A porcupine is nearby!
A porcupine is nearby!
A porcupine is nearby!
A sky beast comes into view.
The porcupine completely misses you. You furiously retaliate!
You headbutt the porcupine, but do no damage.
You closely miss the porcupine. The porcupine bites you!
* * * LOW HITPOINT WARNING * * *
You are struck by the porcupine's spines.
* * * LOW HITPOINT WARNING * * *
You hit the porcupine but do no damage. The porcupine misses you.
You closely miss the porcupine. The porcupine completely misses you.
You furiously retaliate!
You headbutt the porcupine. The porcupine bites you!
* * * LOW HITPOINT WARNING * * *
You are struck by the porcupine's spines.
You die...

# #..#................
##.#..#.....!.#.#####.#
.............$# # #.#
##............# #.#
######.(..)..# #.#
#######.......#.#####<#
......)(†.............#
....#.††##...##.######.
.. ##@)...#.##.......#
......r..##...#######.##
.>.#.....# .## #.##
......Y.# # ##.##
.........# ##.#
.........# ##.
.......... ## ##..####..


You could see a sky beast and a porcupine.

Vanquished Creatures
  3 death yaks (D:8)
  The ghost of lllmatko the Basher, a novice MiBe of Trog (D:7)
  Joseph (D:7)
  2 centaur zombies (D:7)
  3 centaur skeletons (D:7)
  A redback zombie (D:7)
  2 hellwings (D:7)
  Maggie (D:7)
  A troll (D:7)
  Grinder (D:6)
  Sigmund (D:4)
  A water moccasin (D:7)
  A porcupine (D:8)
  Duvessa (D:5)
  A phantom (D:4)
  An ogre (D:5)
  2 centaurs
  2 necrophages (D:8)
  A crocodile (D:7)
  2 big kobolds
  4 bullfrogs
  2 wyvern zombies (D:7)
  Dowan (D:5)
  2 wyvern skeletons
  3 wights (D:8)
  3 howler monkeys
  A quasit (D:8)
  5 crimson imps
  The ghost of kalodont the Sneak, a weakling KoEn (D:3)
  2 bullfrog zombies
  Crazy Yiuf (D:3)
  5 orc priests
  2 hounds
  A bullfrog skeleton (D:4)
  3 orc wizards
  8 worker ants
  Terence (D:2)
  A hell rat (D:8)
  4 hound skeletons
  7 gnolls
  7 adders
  A river rat (D:8)
  4 shadow imps (D:7)
  2 oozes (D:2)
  An adder skeleton (D:7)
  5 worms
  5 leopard geckos
  28 orcs
  2 ball pythons (D:1)
  A bat (D:2)
  2 giant cockroaches
  9 goblins
  8 hobgoblins
  10 jackals
  5 quokkas
  5 frilled lizards
  A gnoll zombie (D:6)
  A goblin skeleton (D:2)
  A goblin zombie (D:2)
  33 kobolds
  A kobold skeleton (D:2)
  A quokka skeleton (D:4)
  12 rats
  A withered plant (D:7)
232 creatures vanquished.

Notes
Turn   | Place    | Note
-------+----------+-------------------------------------------
     0 | D:1      | Erymatos the Minotaur Berserker began the quest for the
                  | Orb.
     0 | D:1      | Reached XP level 1. HP: 19/19 MP: 0/0
   210 | D:1      | Reached XP level 2. HP: 22/27 MP: 1/1
   499 | D:1      | Reached skill level 4 in Axes
   763 | D:1      | Reached ** piety under Trog
  1006 | D:2      | Reached XP level 3. HP: 24/33 MP: 2/2
  1473 | D:2      | Found a runed translucent door.
  1473 | D:2      | Noticed a human
  1491 | D:2      | Found a basalt altar of Yredelemnul.
  1566 | D:2      | Noticed Terence
  1572 | D:2      | Killed Terence
  1572 | D:2      | Reached XP level 4. HP: 31/41 MP: 3/3
  2010 | D:2      | Found a basalt altar of Yredelemnul.
  2010 | D:2      | Found a shadowy altar of Dithmenos.
  2406 | D:3      | Reached skill level 5 in Axes
  2423 | D:3      | Gained mutation: You are agile. (Dex +2) [potion of
                  | mutation]
  2423 | D:3      | Gained mutation: You are surrounded by a mild repulsion
                  | field. (EV +2) [potion of mutation]
  2423 | D:3      | Gained mutation: You do not regenerate when monsters are
                  | visible. [potion of mutation]
  2423 | D:3      | Gained mutation: You have large cloven feet. [potion of
                  | mutation]
  2425 | D:3      | HP: 2/41 [poisoned by a kobold]
  2550 | D:3      | Reached *** piety under Trog
  2550 | D:3      | Reached XP level 5. HP: 43/47 MP: 4/4
  2556 | D:3      | Reached skill level 1 in Stealth
  2668 | D:3      | Reached skill level 5 in Fighting
  2935 | D:3      | Found a radiant altar of Vehumet.
  3075 | D:3      | Reached XP level 6. HP: 53/56 MP: 5/5
  3138 | D:3      | Found a runed translucent door.
  3139 | D:3      | Noticed Crazy Yiuf
  3205 | D:3      | Noticed kalodont's ghost (weakling KoEn)
  3206 | D:3      | Found a runed translucent door.
  3450 | D:3      | Killed kalodont's ghost
  3450 | D:3      | Reached skill level 6 in Axes
  3540 | D:3      | Killed Crazy Yiuf
  3743 | D:4      | Noticed Toogi's ghost (amateur DrTm)
  3744 | D:4      | Found a transporter.
  3750 | D:4      | Found a staircase to the Ecumenical Temple.
  3994 | D:4      | Noticed Sigmund
  4003 | D:4      | Killed Sigmund
  4003 | D:4      | Reached skill level 7 in Axes
  4003 | D:4      | Reached skill level 5 in Armour
  4003 | D:4      | Reached XP level 7. HP: 62/62 MP: 6/6
  4056 | D:4      | Found a transporter.
  4148 | D:4      | Found a sacrificial altar of Ru.
  4330 | D:4      | Reached **** piety under Trog
  5003 | D:5      | Entered Level 5 of the Dungeon
  5036 | D:5      | Reached skill level 8 in Axes
  5036 | D:5      | Reached XP level 8. HP: 52/71 MP: 7/7
  5062 | D:5      | HP: 3/71 [centaur/arrow (5)]
  5803 | D:5      | Noticed Duvessa
  5804 | D:5      | Noticed Dowan
  5811 | D:5      | Killed Duvessa
  5811 | D:5      | Killed Dowan
  5811 | D:5      | Reached skill level 9 in Axes
  6648 | D:6      | Found an opulent altar of Gozag.
  6648 | D:6      | Found a sacrificial altar of Ru.
  6649 | D:6      | Found a hazy altar of Hepliaklqana.
  6856 | D:6      | Found a sand-covered staircase.
  6967 | D:6      | Noticed Grinder
  6974 | D:6      | Killed Grinder
  7100 | D:7      | Reached skill level 10 in Axes
  7100 | D:7      | Reached XP level 9. HP: 77/79 MP: 8/8
  7145 | D:7      | Reached ***** piety under Trog
  7345 | D:7      | Noticed a hellwing
  7346 | D:7      | Noticed a hellwing
  7353 | D:7      | Reached skill level 11 in Axes
  7353 | D:7      | Reached skill level 5 in Dodging
  7358 | D:7      | Killed a hellwing
  7362 | D:7      | Reached skill level 12 in Axes
  7362 | D:7      | Reached XP level 10. HP: 54/91 MP: 9/9
  7760 | D:7      | Found a transporter.
  7776 | D:7      | Noticed lllmatko's ghost (novice MiBe)
  7784 | D:7      | Found a transporter.
  8106 | D:7      | Noticed Joseph
  8120 | D:7      | Killed Joseph
  8498 | D:7      | Noticed Maggie
  8512 | D:7      | Killed Maggie
  8844 | D:7      | Found a blossoming altar of Fedhas.
  8936 | D:7      | Reached skill level 13 in Axes
  8941 | D:7      | Killed lllmatko's ghost
  8941 | D:7      | Reached skill level 10 in Fighting
  9256 | D:8      | Got an ancient lajatang
  9358 | D:8      | Noticed a death yak
  9361 | D:8      | Noticed a death yak
  9361 | D:8      | Noticed a death yak
  9372 | D:8      | Killed a death yak
  9376 | D:8      | Killed a death yak
  9376 | D:8      | Reached skill level 14 in Axes
  9376 | D:8      | Reached XP level 11. HP: 38/101 MP: 10/10
  9377 | D:8      | Killed a death yak
  9380 | D:8      | Found a staircase to the Lair.
  9403 | D:8      | HP: 3/101 [porcupine (10)]
  9404 | D:8      | Impaled on a porcupine's spines

Illustrated notes

Levels and vault maps discovered:
D:1:      dpeg_arrival_shelter, layout_basic
D:2:      layout_loops_ring, gammafunk_temple_overflow_elements,
          chequers_serial_rivers_micro_e, dk_yredelemnul_ordeal, uniq_terence
D:3:      layout_basic, nicolae_overflow_crystal_walls,
          hellmonk_ghost_happy_afterlife, minivault_4, uniq_crazy_yiuf_cottage
D:4:      kennysheep_kobold_camp, layout_rooms,
          minmay_temple_entry_statues_pillars, gammafunk_ghost_arena,
          nicolae_ru_awakened_eye, uniq_sigmund
D:5:      layout_basic, first_ration, uniq_duvessa
D:6:      layout_loops_ring, gammafunk_temple_overflow_claw, enter_ossuary_3,
          uniq_grinder
D:7:      cheibrodos_grave_circle, layout_gridville, gammafunk_ghost_arena,
          hangedman_decor_peaks_small, fedhas_altar_2, uniq_maggie, uniq_joseph
D:8:      layout_loops_ring, dpeg_lair_monsters, grunt_ministairs_14

Skill      XL: |  1  2  3  4  5  6  7  8  9 10 |
---------------+-------------------------------+-----
Fighting       | 4 5 6 7 9 10 | 10.7
Axes           | 4 5 7 8 10 12 14 | 14.3
Armour         | 3 5 6 8 9 |  9.0
Stealth        | 1 |  1.3
Dodging        | 3 4 5 6 |  6.1

Action                   |  1- 3 |  4- 6 |  7- 9 | 10-12 || total
-------------------------+-------+-------+-------+-------++-------
Melee: Hand axe          |    83 |   129 |    82 |       ||   294
       Headbutt          |    14 |    19 |    42 |    19 ||    94
       Kick              |       |    28 |    39 |       ||    67
       War axe           |       |       |   103 |   109 ||   212
Invok: Berserk           |       |     4 |     1 |     4 ||     9
  Use: Potion            |       |     7 |       |       ||     7
       Scroll            |       |       |       |     9 ||     9
 Stab: Sleeping          |       |     2 |       |       ||     2
  Eat: Chunk             |     2 |    10 |    12 |     6 ||    30
       Ration            |       |       |       |     1 ||     1
Armor: Animal skin       |    12 |       |       |       ||    12
       Ring mail         |       |    27 |    40 |    11 ||    78
       Acid dragon scale |       |       |       |    15 ||    15
Dodge: Dodged            |    56 |    79 |   167 |    71 ||   373
